 Dungeon Crawl Stone Soup version 0.24-a0-235-g3f03afcf10 (webtiles) character file.

Game seed: 14903796670557947281

8382 Redear the Ducker (level 11, -1/75 HPs)
             Began as an Octopode Fighter on Apr 8, 2019.
             Was a Priest of Zin.
             Slain by an orc knight
             ... wielding a +0 great sword
              (36 damage)
             ... on level 9 of the Dungeon.
             The game lasted 00:54:54 (11438 turns).

Redear the Ducker (Octopode Fighter)               Turns: 11438, Time: 00:54:55

Health: -1/75      AC:  1    Str: 18    XL:     11   Next: 30%
Magic:  11/18      EV: 18    Int: 13    God:    Zin [***...]
Gold:   490        SH:  6    Dex: 16    Spells: 7/19 levels left

rFire    . . .     SeeInvis .   P - +2 falchion (flame)
rCold    . . .     Gourm    .   G - +0 buckler
rNeg     . . .     Faith    .   (helmet restricted)
rPois    ∞         Spirit   .   (no amulet)
rElec    .         Reflect  .   L - ring of wizardry {Wiz+}
rCorr    .         Harm     .   (no ring)
MR       .....                  (no ring)
Stlth    ++++......             (no ring)
HPRegen  0.22/turn              (no ring)
MPRegen  0.16/turn              (no ring)
                                (no ring)
                                (no ring)

@: vitalised, very slightly contaminated
A: almost no armour, stealthy swim, amphibious, 8 rings, constrict 8, camouflage
1, gelatinous body 1
a: Recite, Vitalisation, Imprison, Donate Gold, Renounce Religion


You were on level 9 of the Dungeon.
You worshipped Zin.
Zin was most pleased with you.
You were very hungry.

You visited 3 branches of the dungeon, and saw 14 of its levels.

You collected 544 gold pieces.
You donated 54 gold pieces to Zin.

Inventory:

Hand Weapons
 a - a +0 long sword
 p - a +2 dagger of venom
 q - a +0 blowgun
 r - a +2 rapier of venom
 s - a +0 hunting sling
 A - the +10 war axe of Ahibifihuw {holy, *Drain rElec rN+ Stlth+}
   (You found it on level 4 of the Dungeon)

   It has been blessed by the Shining One to cause great damage to the undead
   and demons.
   It insulates you from electricity.
   It protects you from negative energy.
   It causes draining when unequipped.
   It makes you more stealthy.
 D - a +0 short sword of electrocution
 E - a +0 hand crossbow
 K - a +0 blowgun
 P - a +2 falchion of flaming (weapon)
Missiles
 c - 97 sling bullets
 f - 23 poisoned needles
 n - 368 stones (quivered)
 o - 3 exploding tomahawks
 v - 136 bolts
 x - 132 arrows
 I - 2 tomahawks
 S - 5 javelins
 Z - a throwing net {+f}
Armour
 b - a +1 shield
 G - a +0 buckler (worn)
Jewellery
 h - an uncursed ring of fire {rF+ rC-}
 t - an uncursed ring of magical power {MP+9}
 L - a ring of wizardry (left tentacle) {Wiz+}
Scrolls
 e - 3 scrolls of fog
 g - 4 scrolls of enchant armour
 i - a scroll of noise {unknown}
 k - a scroll of fear {unknown}
 m - 2 scrolls of enchant weapon
 u - 2 scrolls of blinking {unknown}
 y - a scroll of immolation {unknown}
 C - a scroll of magic mapping {unknown}
 H - a scroll of silence {unknown}
 J - 3 scrolls of torment {unknown}
 N - 4 scrolls of remove curse {@r2}
 O - a scroll of random uselessness {unknown}
 R - 4 scrolls of identify {@r1}
 T - 5 scrolls of teleportation {@r3}
 U - a scroll of amnesia
Potions
 d - 3 potions of ambrosia {unknown}
 j - a potion of brilliance {Archmagi Int+5 Wiz++}
 l - 3 potions of flight
 w - a potion of magic {unknown}
 B - a potion of cancellation {unknown}
 F - 2 potions of degeneration {unknown}
Comestibles
 z - 23 rations


   Skills:
 + Level 7.1 Fighting
 - Level 6.7 Long Blades
 + Level 7.1 Dodging
 - Level 6.0 Stealth
 + Level 7.1 Shields
 - Level 4.6 Spellcasting
 - Level 4.1 Conjurations
 - Level 4.0 Hexes
 - Level 3.6 Fire Magic
 - Level 6.2 Invocations


You had 7 spell levels left.
You knew the following spells:

 Your Spells              Type           Power        Failure   Level  Hunger
d - Blink                 Tloc           N/A          12%         2    ##.....
j - Conjure Flame         Conj/Fire      ##......     4%          3    ###....
m - Mephitic Cloud        Conj/Pois/Air  #.......     13%         3    ###....
q - Fulminant Prism       Conj/Hex       ##........   14%         4    ####...

Your spell library contained the following spells:

 Spells                   Type           Power        Failure   Level  Hunger
 Magic Dart               Conj           ##..         1%          1    None
 Searing Ray              Conj           ##....       2%          2    ##.....
 Slow                     Hex            ##......     2%          2    ##.....
 Dazzling Spray           Conj/Hex       ##....       4%          3    ###....
 Call Imp                 Summ           #.......     12%         2    ##.....
 Iskenderun's Mystic Bla  Conj           ##......     14%         4    ####...
 Force Lance              Conj/Tloc      #.......     32%         4    ####...


Dungeon Overview and Level Annotations

Branches:
Dungeon (12/15)            Temple (1/1) D:6            Lair (0/6) D:8
    Orc (1/2) D:9

Altars:
Ashenzari
Cheibriados
Dithmenos
Elyvilon
Fedhas
Gozag
Hepliaklqana
Kikubaaqudgha
Makhleb
Nemelex Xobeh
Okawaru
Qazlal
Sif Muna
Trog
Uskayaw
Vehumet
Wu Jian
Xom
Yredelemnul
Zin
The Shining One

Shops:
D:5 (

Annotations:
D:5 exclusion: door
D:7 4 runed translucent doors


Innate Abilities, Weirdness & Mutations

You cannot wear most types of armour.
You are very stealthy in the water. (Stealth+)
You are amphibious.
You can wear up to eight rings at the same time.
You can use your tentacles to constrict eight enemies at once.
Your skin changes colour to match your surroundings (Stealth+).
Your rubbery body absorbs attacks. (AC +1, EV +1)


Message History

Confirm with . or Enter, or press ? or * to list all spells.
You don't know that spell.
Unknown command.
Casting: Fulminant Prism (safe; 14% risk of failure)
Confirm with . or Enter, or press ? or * to list all spells.
You blink.
You now have 15/18 mp.
Unknown command.
Casting: Blink (safe; 12% risk of failure)
Confirm with . or Enter, or press ? or * to list all spells.
You blink.
You now have 13/18 mp.
Unknown command.
Casting: Blink (safe; 12% risk of failure)
Confirm with . or Enter, or press ? or * to list all spells.
You miscast Blink.
You are very lightly contaminated with residual magic.
You catch a glimpse of the back of your own head.
The orc knight hits you with a +0 great sword!!!
You die...

# ####### ####### # #.....#####
#.....## # #.....#...# #.....#. #
#..<..#...# #.....#. #
#.....#.[.# #.....#) #
#.....#>ho# #.....†. #
#.....#).@# #.....#. ###
#.....#'### #####.....## ..#
##+#......# ##.....##.... ..#
#......# #.......#.... ..#
#>.....# #.......#.... ..#
#......# #.......).... ..#
#......# #.......#....
..#########......######.###.#....
..[...................#####'####.


You could see an orc knight and a warg.

Vanquished Creatures
  A hydra (D:9)
  A troll (D:10)
  A hornet (D:10)
  Prince Ribbit (D:5)
  2 dream sheep (D:9)
  A hippogriff (D:10)
  7 yaks
  A basilisk (D:8)
  A hungry ghost (D:7)
  Edmund (D:5)
  A warg (D:9)
  A water moccasin (D:8)
  3 porcupines
  An ice beast (D:9)
  Duvessa (D:5)
  3 orc warriors (D:9)
  4 sky beasts
  2 necrophages
  2 phantoms
  A centaur (D:10)
  10 ogres
  3 crocodiles
  5 big kobolds
  2 bullfrogs
  Dowan (D:5)
  3 scorpions
  9 killer bees
  2 howler monkeys (D:10)
  4 crimson imps
  3 jellies
  A bullfrog zombie (D:9)
  2 hounds
  6 orc priests
  3 bullfrog skeletons
  8 orc wizards
  An iguana (D:7)
  3 worker ants
  A hound zombie (D:5)
  A hound skeleton (D:6)
  A worker ant zombie (D:6)
  A howler monkey zombie (D:6)
  5 adders
  4 gnolls (D:3)
  2 shadow imps
  An ooze (D:4)
  An adder skeleton (D:7)
  An adder zombie (D:9)
  2 worms
  A dart slug (D:1)
  2 leopard geckos
  41 orcs
  8 bats
  10 giant cockroaches
  5 hobgoblins
  14 jackals
  6 quokkas
  7 frilled lizards
  6 goblins
  10 kobolds
  A leopard gecko skeleton (D:6)
  5 rats
238 creatures vanquished.

Vanquished Creatures (others)
  2 fulminant prisms (D:9)
  A fungus (D:8)
  12 plants
  8 toadstools (D:5)
23 creatures vanquished.

Grand Total: 261 creatures vanquished

Notes
Turn   | Place    | Note
-------+----------+-------------------------------------------
     0 | D:1      | Redear the Octopode Fighter began the quest for the Orb.
     0 | D:1      | Reached XP level 1. HP: 16/16 MP: 1/1
   180 | D:1      | Reached XP level 2. HP: 19/21 MP: 2/2
   520 | D:2      | Found a shattered altar of Ashenzari.
   522 | D:2      | Found an ancient bone altar of Kikubaaqudgha.
   535 | D:2      | Reached XP level 3. HP: 14/26 MP: 3/3
   702 | D:2      | Found a burning altar of Makhleb.
   819 | D:3      | Reached XP level 4. HP: 32/32 MP: 4/4
  1225 | D:3      | Reached skill level 3 in Long Blades
  1225 | D:3      | Reached XP level 5. HP: 34/37 MP: 5/5
  1612 | D:3      | Reached skill level 4 in Fighting
  1612 | D:3      | Reached skill level 4 in Dodging
  1612 | D:3      | Reached skill level 1 in Stealth
  1612 | D:3      | Reached skill level 4 in Shields
  1801 | D:4      | Noticed an ogre
  1807 | D:4      | Killed an ogre
  1807 | D:4      | Reached XP level 6. HP: 43/43 MP: 6/6
  1839 | D:4      | Reached skill level 2 in Stealth
  2215 | D:4      | Reached XP level 7. HP: 35/49 MP: 7/7
  2391 | D:4      | Found a deep blue altar of Sif Muna.
  2397 | D:4      | Found an ornate altar of the Wu Jian Council.
  2398 | D:4      | Found a sparkling altar of Nemelex Xobeh.
  2400 | D:4      | Found a stormy altar of Qazlal.
  2413 | D:4      | Found a bloodstained altar of Trog.
  2533 | D:4      | Got a scorched war axe
  2535 | D:4      | Identified the +10 war axe of Ahibifihuw {holy, *Drain
                  | rElec rN+ Stlth+} (You found it on level 4 of the Dungeon)
  2573 | D:5      | Entered Level 5 of the Dungeon
  2603 | D:5      | Found Waarocs's Weapon Boutique.
  2660 | D:5      | Noticed Duvessa
  2662 | D:5      | Noticed Dowan
  2668 | D:5      | Killed Duvessa
  2668 | D:5      | Reached skill level 4 in Long Blades
  2668 | D:5      | Reached skill level 3 in Stealth
  2672 | D:5      | Killed Dowan
  3000 | D:5      | Reached skill level 4 in Stealth
  3017 | D:5      | Noticed Prince Ribbit
  3027 | D:5      | Killed Prince Ribbit
  3027 | D:5      | Reached skill level 5 in Fighting
  3027 | D:5      | Reached skill level 5 in Dodging
  3027 | D:5      | Reached skill level 5 in Shields
  3027 | D:5      | Reached XP level 8. HP: 10/55 MP: 8/8
  3459 | D:5      | Reached skill level 5 in Stealth
  3512 | D:5      | Noticed a slime creature
  3684 | D:5      | Found a shimmering altar of Xom.
  3834 | D:5      | Noticed Edmund
  3849 | D:5      | Killed Edmund
  3849 | D:5      | Reached skill level 5 in Long Blades
  4160 | D:5      | Found a bloodstained altar of Trog.
  4345 | D:6      | Found a staircase to the Ecumenical Temple.
  4356 | Temple   | Entered the Ecumenical Temple
  4707 | Temple   | Became a worshipper of Zin the Law-Giver
  4707 | Temple   | Reached * piety under Zin
  4864 | D:6      | Found a burning altar of Makhleb.
  4924 | D:6      | Reached skill level 6 in Stealth
  4950 | D:6      | Reached XP level 9. HP: 17/62 MP: 9/9
  5198 | D:6      | Reached ** piety under Zin
  5451 | D:7      | Found a huge runed translucent gate.
  5451 | D:7      | Found a huge runed translucent gate.
  5451 | D:7      | Found a huge runed translucent gate.
  5451 | D:7      | Found a huge runed translucent gate.
  5451 | D:7      | Noticed a polar bear
  5451 | D:7      | Noticed a polar bear
  5451 | D:7      | Noticed a polar bear
  5451 | D:7      | Noticed a polar bear
  5480 | D:7      | Reached skill level 6 in Dodging
  5526 | D:7      | Reached skill level 6 in Fighting
  5534 | D:7      | Reached skill level 6 in Shields
  5878 | D:7      | Reached skill level 6 in Long Blades
  5881 | D:7      | Paralysed by fainting for 10 turns
  5910 | D:7      | Paralysed by fainting for 9 turns
  6194 | D:7      | Noticed a polar bear
  6195 | D:7      | Noticed a death yak
  6281 | D:8      | Found a staircase to the Lair.
  6364 | D:8      | Found a hazy altar of Hepliaklqana.
  6539 | D:8      | Reached skill level 7 in Dodging
  6614 | D:7      | Reached skill level 7 in Fighting
  6614 | D:7      | Reached skill level 7 in Shields
  6620 | D:7      | Learned a level 3 spell: Conjure Flame
  7001 | D:8      | Reached skill level 1 in Conjurations
  7001 | D:8      | Reached skill level 1 in Fire Magic
  7042 | D:7      | Reached XP level 10. HP: 35/71 MP: 10/10
  7229 | D:7      | Reached skill level 2 in Conjurations
  7229 | D:7      | Reached skill level 2 in Fire Magic
  7316 | D:8      | Reached skill level 3 in Conjurations
  7316 | D:8      | Reached skill level 3 in Fire Magic
  7382 | D:8      | Reached skill level 1 in Invocations
  7403 | D:8      | Reached *** piety under Zin
  7436 | D:8      | Reached skill level 2 in Invocations
  7925 | D:9      | Reached skill level 3 in Invocations
  8303 | D:9      | Reached skill level 4 in Invocations
  8305 | D:9      | Reached **** piety under Zin
  8658 | D:9      | Reached skill level 5 in Invocations
  8754 | D:9      | HP: 7/71 [big kobold (4)]
  9118 | D:9      | Reached skill level 6 in Invocations
  9123 | D:9      | Reached skill level 1 in Spellcasting
  9142 | D:9      | Reached skill level 2 in Spellcasting
  9174 | D:9      | Noticed a three-headed hydra
  9181 | D:9      | Killed a one-headed hydra
  9181 | D:9      | Reached skill level 4 in Spellcasting
  9263 | D:9      | Found a staircase to the Orcish Mines.
  9370 | D:9      | Reached XP level 11. HP: 28/75 MP: 18/18
  9505 | D:10     | Entered Level 10 of the Dungeon
  9844 | D:10     | Learned a level 2 spell: Blink
  9848 | D:10     | Learned a level 3 spell: Mephitic Cloud
  9853 | D:10     | Learned a level 4 spell: Fulminant Prism
  9897 | D:10     | You fall through a shaft for 2 floors!
  9946 | D:10     | Reached skill level 1 in Hexes
  9984 | D:10     | Reached skill level 2 in Hexes
 10017 | D:10     | HP: 3/75 [ogre/+0 giant club (31)]
 10431 | D:10     | Reached skill level 3 in Hexes
 10729 | D:10     | Reached skill level 4 in Hexes
 11109 | Orc:1    | Entered Level 1 of the Orcish Mines
 11109 | Orc:1    | Noticed an orc knight
 11111 | Orc:1    | Noticed an orc sorcerer
 11192 | D:9      | Reached skill level 4 in Conjurations
 11438 | D:9      | Slain by an orc knight

Levels and vault maps discovered:
D:1:      scummos_arrival_gate, layout_basic, minmay_misc_feat_columns, hex_tiny
D:2:      layout_rooms, nicolae_overflow_hidden_temple, hex_large
D:3:      layout_loops_corners, grunt_decor_mini_mirrors, minmay_cut_off
D:4:      layout_loops_ring, minitemple, first_ration, minmay_misc_feat_room
D:5:      cheibrodos_fertilizer, layout_basic, nicolae_overflow_crystal_walls,
          serial_shops, shop, trog_book, uniq_prince_ribbit1, uniq_edmund,
          uniq_duvessa
D:6:      layout_loops_cross, minmay_temple_entry_statues_pillars, minivault_19,
          makhleb_blood_cavern_becter
D:7:      lemuel_bear_cage, layout_basic, minmay_lizard_king
D:8:      layout_basic, minmay_lair_entry_grove, basic_altar
D:9:      layout_gridville, orc_0_dummy, hangedman_ranch
          [blue_anna_fruit_fields]
D:10:     layout_basic
D:11:     layout_cave_pods, uniq_grum
D:12:     layout_roguey, hangedman_abyss_or_decor_lesser_grid
Temple:   minmay_temple_forest_path
Orc:1:    layout_caves

Skill      XL: |  1  2  3  4  5  6  7  8  9 10 11 |
---------------+----------------------------------+-----
Long Blades    | 3 4 5 6 |  6.7
Fighting       | 4 5 7 |  7.1
Dodging        | 4 5 7 |  7.1
Stealth        | 1 2 4 6 |  6.0
Shields        | 4 5 7 |  7.1
Conjurations   | 1 3 4 |  4.1
Fire Magic     | 1 3 |  3.6
Invocations    | 6 |  6.2
Spellcasting   | 4 |  4.6
Hexes          | 4 |  4.0

Action                   |  1- 3 |  4- 6 |  7- 9 | 10-12 || total
-------------------------+-------+-------+-------+-------++-------
Melee: Long sword        |    24 |       |       |       ||    24
       Constrict         |    17 |    30 |    47 |    41 ||   135
       Tentacles         |    14 |    30 |    64 |    79 ||   187
       Dagger            |    21 |   114 |   100 |       ||   235
       Rapier            |       |       |   158 |   147 ||   305
       Falchion          |       |       |       |    86 ||    86
Throw: Stone             |       |       |     3 |    12 ||    15
       Throwing net      |       |       |     1 |       ||     1
 Cast: Mephitic Cloud    |       |       |       |     8 ||     8
       Conjure Flame     |       |       |       |     7 ||     7
       Blink             |       |       |       |     7 ||     7
       Fulminant Prism   |       |       |       |     2 ||     2
Invok: Vitalisation      |       |       |       |    10 ||    10
       Recite            |       |       |       |     2 ||     2
Evoke: Wand              |       |       |     4 |     6 ||    10
  Use: Scroll            |       |       |    10 |     3 ||    13
       Potion            |       |       |     4 |     4 ||     8
 Stab: Sleeping          |     5 |     6 |     8 |     4 ||    23
       Confused          |       |       |       |     4 ||     4
       Invisible         |       |       |       |     1 ||     1
  Eat: Chunk             |       |     3 |     8 |     6 ||    17
       Ration            |       |       |     3 |     3 ||     6
Armor: Skin              |     2 |     4 |     1 |     5 ||    12
Dodge: Dodged            |    29 |    55 |   155 |   150 ||   389
Block: Buckler           |       |       |    12 |    58 ||    70
       Rpst.: Long sword |     8 |       |       |       ||     8
       Falchion          |       |       |       |    27 ||    27

Table legend:
 A = Non-vault XP
 B = Vault XP
 C = Vault XP percentage of total XP
 D = Non-vault monster count
 E = Vault monster count
 F = Vault count percentage of total count
                 A         B        C        D         E       F
            +---------+---------+-------+---------+---------+-------
      Total |    6690 |    5285 |  44.1 |     199 |      39 |  16.4
            +---------+---------+-------+---------+---------+-------
        D:1 |      16 |       0 |   0.0 |       9 |       0 |   0.0
        D:2 |      44 |       0 |   0.0 |      19 |       0 |   0.0
        D:3 |     235 |       8 |   3.3 |      34 |       3 |   8.1
        D:4 |     334 |       0 |   0.0 |      17 |       0 |   0.0
        D:5 |     376 |     867 |  69.8 |      15 |       9 |  37.5
        D:6 |     385 |     143 |  27.1 |      18 |       2 |  10.0
        D:7 |     846 |     704 |  45.4 |      19 |       8 |  29.6
        D:8 |     511 |    1355 |  72.6 |      13 |       9 |  40.9
        D:9 |    1812 |    2208 |  54.9 |      30 |       8 |  21.1
       D:10 |    2077 |       0 |   0.0 |      22 |       0 |   0.0
       D:12 |      48 |       0 |   0.0 |       1 |       0 |   0.0
      Orc:1 |       6 |       0 |   0.0 |       2 |       0 |   0.0
            +---------+---------+-------+---------+---------+-------
